 Dungeon Crawl Stone Soup version 0.27.0-1-g7a089689b8 (webtiles) character file.

Game seed: 16334734584978231796

2 Hoon the Grasshopper (level 1, 0/17 HPs)
             Began as a Ghoul Warper on Aug 13, 2021.
             Slain by a jackal (1 damage)
             ... on level 1 of the Dungeon.
             The game lasted 00:00:40 (26 turns).

Hoon the Grasshopper (Ghoul Warper)                   Turns: 26, Time: 00:00:41

Health: 0/17       AC:  3    Str: 14    XL:     1   Next: 40%
Magic:  2/2        EV: 11    Int:  8    God:
Gold:   0          SH:  0    Dex:  8    Spells: 3/3 levels left

rFire    . . .     SeeInvis .   a - +0 short sword
rCold    + . .     Faith    .   (no shield)
rNeg     + + +     Spirit   .   b - +0 leather armour
rPois    ∞         Reflect  .   (no helmet)
rElec    .         Harm     .   (no cloak)
rCorr    .         Rampage  .   (no gloves)
Will     .....                  (no boots)
Stlth    +.........             (no amulet)
HPRegen  0.00/turn              (no ring)
MPRegen  0.08/turn              (no ring)

@: inhibited regen
A: claws 1, cold resistance 1, negative energy resistance 3, inhibited
regeneration, torment resistance 2
a: no special abilities


You were on level 1 of the Dungeon.
You visited 1 branch of the dungeon, and saw 1 of its levels.

Inventory:

Hand Weapons
 a - a +0 short sword (weapon)
Missiles
 d - 5 boomerangs of dispersal (quivered)
Armour
 b - a +0 leather armour (worn)
Scrolls
 c - a scroll of blinking
Potions
 e - a potion of flight {unknown}


   Skills:
 + Level 2.1 Fighting
 + Level 1.8 Short Blades
 + Level 0.8 Throwing
 + Level 0.8 Armour
 + Level 1.7 Dodging
 + Level 1.7 Spellcasting
 + Level 2.8 Translocations


You had 3 spell levels left.
You didn't know any spells.
Your spell library contained the following spells:

 Spells                   Type           Power      Damage    Failure   Level
 Blink                    Tloc           N/A        N/A       22%         2
 Gell's Gravitas          Tloc           2%         N/A       38%         3
 Lesser Beckoning         Tloc           2%         N/A       38%         3
 Teleport Other           Tloc           5%         N/A       38%         3
 Manifold Assault         Tloc           5%         N/A       98%         5


Dungeon Overview and Level Annotations

Branches:
Dungeon (1/15)

Altars:


Innate Abilities, Weirdness & Mutations

You thrive by killing the living.
You are immune to poison.
You have sharp fingernails.
Your flesh is cold resistant. (rC+)
You are immune to negative energy. (rN+++)
You do not regenerate when monsters are visible.
You are immune to unholy pain and torment.


Message History

The rat completely misses you.
You hit the rat.
You kill the rat!
The jackal barely misses you.
You hit the kobold.
You kill the kobold!
The jackal bites you but does no damage.
The jackal bites you.
You hit the jackal.
You kill the jackal!
You feel better. The jackal barely misses you.
You completely miss the jackal.
The jackal bites you but does no damage.
The jackal barely misses you.
The jackal bites you but does no damage.
You hit the jackal but do no damage.
The jackal bites you but does no damage.
The jackal barely misses you.
You hit the jackal.
The jackal is severely wounded.
The jackal bites you.
The jackal bites you but does no damage.
The jackal bites you.
You closely miss the jackal.
The jackal is severely wounded.
The jackal bites you. x3
You hit the jackal but do no damage.
The jackal is severely wounded.
The jackal closely misses you. The jackal bites you. x2
* * * LOW HITPOINT WARNING * * *
The jackal bites you but does no damage.
You closely miss the jackal. The jackal closely misses you.
The jackal bites you.
* * * LOW HITPOINT WARNING * * *
The jackal bites you but does no damage.
The jackal bites you.
* * * LOW HITPOINT WARNING * * *
You hit the jackal but do no damage. The jackal closely misses you.
The jackal bites you.
You die...

#...#### #.....
#...# ###''###
###≈≈).≈≈###
##≈≈≈≈†.§≈≈≈##
#§§≈#≈..≈#§≈≈#
##§≈§§≈hh≈≈≈≈≈#
#≈§§≈≈≈@.≈§≈§§§#
#≈§§≈≈#..#≈≈§§≈#
#≈≈#§≈#..#≈≈#≈≈#
#≈≈§≈≈#<>#≈§§≈≈#
#§§≈§§####≈≈§≈§#
#≈≈≈≈ ≈≈§≈# ##§§
≈§##


You could see 2 jackals.

Vanquished Creatures
  A jackal (D:1)
  A kobold (D:1)
  A rat (D:1)
3 creatures vanquished.

Notes
Turn   | Place    | Note
-------+----------+-------------------------------------------
     0 | D:1      | Hoon the Ghoul Warper began the quest for the Orb.
     0 | D:1      | Reached XP level 1. HP: 17/17 MP: 2/2
    26 | D:1      | Slain by a jackal

Illustrated notes

Levels and vault maps discovered:
D:1:      lightli_molten_gateway, layout_loops_ring, serial_shops,
          nicolae_shop_window_shopping, chequers_ecumenical_altar_simple_redux,
          nrook_loot_triangle, minmay_hexomino_f4

Action                   || total
-------------------------++-------
Melee: Short sword       ||    11
Armor: Leather armour    ||     7
Dodge: Dodged            ||     8
